 Dungeon Crawl Stone Soup version 0.19.1-1-g22dce08 (webtiles) character file.

289 theAP the Ruffian (level 6, -3/33 HPs)
             Began as a Vine Stalker Fighter on Jan 16, 2017.
             Slain by a gnoll
             ... wielding a +0 spear
              (5 damage)
             ... on level 4 of the Dungeon.
             The game lasted 00:05:35 (1989 turns).

theAP the Ruffian (Vine Stalker Fighter)            Turns: 1989, Time: 00:05:35

Health: -3/33      AC:  6    Str: 21    XL:     6   Next: 31%
Magic:  0/11       EV:  7    Int:  8    God:
Gold:   188        SH:  9    Dex: 13    Spells: 0 memorised, 10 levels left

rFire  x . .     SeeInvis .       - Unarmed
rCold  + . .     Gourm    .     a - +0 scale mail
rNeg   . . .     Faith    .     b - +0 shield
rPois  .         Spirit   +     (no helmet)
rElec  .         Reflect  .     (no cloak)
rCorr  +         Harm     .     (no gloves)
MR     .....                    (no boots)
Stlth  ..........               (no amulet)
                                q - ring of ice
                                o - ring of resist corrosion

@: no status effects
A: fangs 2, regeneration 1, magic shield, antimagic bite, no device heal 3, rot
immunity
a: no special abilities


You were on level 4 of the Dungeon.
You were not hungry.

You visited 1 branch of the dungeon, and saw 4 of its levels.

You collected 188 gold pieces.

Inventory:

Armour
 a - a +0 scale mail (worn)
 b - a +0 shield (worn)
Jewellery
 o - a ring of resist corrosion (left hand)
 q - a ring of ice (right hand)
Scrolls
 e - a scroll of fog
 k - 4 scrolls of amnesia
 p - a scroll of magic mapping
Potions
 c - 2 potions of might
 h - 3 potions of heal wounds
 i - a potion of berserk rage
 m - 3 potions of curing
Comestibles
 d - 3 bread rations
 f - a royal jelly
 g - 3 meat rations
 j - a beef jerky
 l - a slice of pizza
 n - 13 chunks of flesh
 r - a fruit


   Skills:
 + Level 3.9 Fighting
 - Level 2.4 Armour
 - Level 2.6 Shields
 * Level 4.7 Unarmed Combat
 + Level 2.7 Spellcasting


You had 10 spell levels left.
You didn't know any spells.

Dungeon Overview and Level Annotations

Branches:
Dungeon (4/15)
 Temple: D:4-7

Altars:
Gozag
Nemelex Xobeh


Innate Abilities, Weirdness & Mutations

You have extremely sharp teeth.
Your natural rate of healing is unusually fast.
When hurt, damage is shared between your health and your magic reserves.
Your bite disrupts and absorbs the magic of your enemies.
Potions and wands cannot restore your health.
You are immune to rotting.


Message History

The gnoll hits you from afar with a spear.
* * * LOW HITPOINT WARNING * * *
You block the gnoll's attack.
Things that are here:
a halberd of pain; a gnoll corpse You hit the gnoll.
Your bite misses the gnoll.
The gnoll is moderately wounded.
The gnoll barely misses you.
You barely miss the gnoll.
The gnoll is moderately wounded.
The gnoll hits you but does no damage.
You hit the gnoll. You bite the gnoll. You drain its power.
You feel invigorated.
The gnoll is severely wounded.
The gnoll hits you with a spear.
* * * LOW HITPOINT WARNING * * *
You hit the gnoll. You bite the gnoll, but do no damage.
The gnoll is almost dead.
The gnoll hits you with a spear.
You die...

..# #+#.##'###+#.## ###.
..# #...(......# #... ..#
#..#'##....# #... ..##
#+##))###### #... ...#
#..'..# # #... ...#
#?.#..+ ..# #... ...#
##'#### ###P..# #..#
...#######.....####..P...#
###.
...............g@.......#
#.
......##....###..###.####
#. ...#####..g.#....... #
#. .......#..g.#....####
#. ....g..#....#.?..# #.
....>..#....#....# #.
............###+## #.
#######.....# #. #.....#
#.


You could see a gnoll.

Vanquished Creatures
  A phantom (D:4)
  A bullfrog skeleton (D:4)
  6 gnolls (D:4)
  2 adders (D:2)
  3 oozes
  A worm (D:2)
  8 orcs
  A ball python (D:1)
  7 bats
  3 giant cockroaches
  6 goblins
  9 hobgoblins
  3 quokkas
  3 frilled lizards
  13 kobolds
  7 rats
74 creatures vanquished.

Notes
Turn   | Place    | Note
-------+----------+-------------------------------------------
     0 | D:1      | theAP the Vine Stalker Fighter began the quest for the Orb.
     0 | D:1      | Reached XP level 1. HP: 11/11 MP: 2/2
    76 | D:1      | Reached XP level 2. HP: 14/16 MP: 3/3
   145 | D:1      | Reached skill level 1 in Spellcasting
   581 | D:2      | Found an opulent altar of Gozag.
   606 | D:2      | Reached XP level 3. HP: 18/19 MP: 5/5
   665 | D:2      | Reached skill level 3 in Unarmed Combat
   930 | D:2      | Gained mutation: Your natural rate of healing is unusually fast. [Vine Stalker growth]
   930 | D:2      | Reached XP level 4. HP: 20/24 MP: 4/6
  1048 | D:2      | Found a sparkling altar of Nemelex Xobeh.
  1676 | D:4      | Noticed a phantom
  1734 | D:4      | Killed a phantom
  1734 | D:4      | Reached skill level 4 in Unarmed Combat
  1734 | D:4      | Reached XP level 5. HP: 19/28 MP: 6/9
  1842 | D:4      | Reached XP level 6. HP: 30/33 MP: 10/10
  1984 | D:4      | HP: 1/33 [gnoll/spear (3)]
  1989 | D:4      | Slain by a gnoll

Skill      XL: |  1  2  3  4 |
---------------+-------------+-----
Spellcasting   | 1 2 |  2.7
Unarmed Combat | 3 4 |  4.7
Fighting       | 3 |  3.9
Armour         | |  2.4
Shields        | |  2.6

Action                   |  1- 3 |  4- 6 || total
-------------------------+-------+-------++-------
Melee: Unarmed           |   103 |   180 ||   283
       Bite              |    34 |    58 ||    92
  Use: Scroll            |       |    11 ||    11
  Eat: Chunk             |       |     4 ||     4
Armor: Scale mail        |    34 |    52 ||    86
Dodge: Dodged            |    35 |    46 ||    81
Block: Shield            |    38 |    91 ||   129
